AoeStats
← El Destungador

Black Forest

509993184Analyzed
3v3 RM · 2d ago on Sep 29, 2026· 59m 44s· 6 players
Game mode
Random Map
Map size
Normal (6 player)
Population
200
Speed
Normal
Resources
Standard
Victory
Conquest
Starting age
Dark Age
Ending age
Imperial Age
RankedLock teamsTeams togetherTeam positionsShared explorationLock speedFull tech treeHidden civsTurbo modeCheats
Victory
Defeat
🇨🇦 Vietnamese · Canada
932
+16
🇷🇺 Britons · Russia
912
+17
🇲🇽 Magyars · Mexico
889
+18
🇨🇱 Inca · Chile
988
-19
🇨🇱 Byzantines · Chile
913
-16
🇨🇱 Teutons · Chile
904
-16
mrusuario0001
0:37 Loom
17:03 Feudal Age
17:32 Double-Bit Axe
17:29 Horse Collar
18:27 Wheelbarrow
22:11 Gold Mining
24:42 Castle Age
23:27 Stone Mining
25:36 Bow Saw
25:29 Heavy Plow
25:54 Hand Cart
28:36 Gold Shaft Mining
32:24 Caravan
32:16 Treadmill Crane
34:52 Masonry
38:21 Imperial Age
36:07 Fletching
37:41 Bodkin Arrow
39:35 Crop Rotation
40:10 Two-Man Saw
39:16 Bracer
40:11 Parthian Tactics
39:48 Heavy Cavalry Archer
40:24 Town Watch
41:09 Ballistics
41:22 Conscription
42:46 Chemistry
41:54 Padded Archer Armor
44:41 Leather Archer Armor
44:32 Scale Barding Armor
44:27 Scale Mail Armor
44:54 Thumb Ring
44:10 Crossbowman
45:13 Recurve Bow
45:15 Corvinian Army
46:09 Ring Archer Armor
47:03 Chain Barding Armor
46:06 Light Cavalry
46:56 Bloodlines
46:47 Husbandry
46:08 Cavalier
46:14 Pikeman
46:40 Arson
46:16 Man-at-Arms
46:53 Guard Tower
47:45 Arbalester
47:46 Elite Skirmisher
47:52 Hussar
48:51 Chain Mail Armor
48:00 Long Swordsman
48:03 Heavy Scorpion
48:04 Capped Ram
50:45 Hoardings
49:32 Elite Magyar Huszar
51:06 Plate Barding Armor
49:54 Paladin
49:59 Onager
51:19 Sappers
58:18 Siege Engineers
58:09 Murder Holes
Shaci
1:32 Loom
10:19 Feudal Age
10:58 Double-Bit Axe
18:08 Castle Age
18:03 Man-at-Arms
21:09 Wheelbarrow
20:49 Bow Saw
22:35 Horse Collar
25:47 Heavy Plow
29:04 Hand Cart
29:45 Gold Mining
33:45 Imperial Age
31:42 Crossbowman
31:51 Long Swordsman
33:10 Pikeman
34:30 Ballistics
34:03 Fletching
34:24 Forging
36:21 Bodkin Arrow
36:26 Arbalester
37:15 Padded Archer Armor
37:52 Conscription
37:57 Fortified Wall
39:09 Chemistry
38:43 Bracer
40:20 Leather Archer Armor
41:32 Gold Shaft Mining
41:14 Two-Handed Swordsman
41:57 Squires
41:59 Scale Mail Armor
42:30 Ring Archer Armor
42:36 Iron Casting
43:54 Chain Mail Armor
43:47 Champion
46:06 Blast Furnace
50:04 Two-Man Saw
49:07 Caravan
49:09 Halberdier
51:45 Elite Skirmisher
54:56 Imperial Skirmisher
56:07 Yeomen
55:49 Warwolf
55:41 Gambesons
58:24 Stone Mining
59:48 Siege Engineers
MA
0:46 Loom
12:26 Feudal Age
12:59 Horse Collar
13:07 Double-Bit Axe
23:38 Castle Age
22:40 Fletching
22:56 Stone Mining
22:58 Gold Mining
25:03 Bow Saw
25:34 Heavy Plow
29:05 Elite Skirmisher
31:08 Wheelbarrow
31:53 Padded Archer Armor
31:48 Bodkin Arrow
32:55 Hand Cart
35:52 Imperial Age
34:30 Leather Archer Armor
34:26 Forging
34:16 Scale Mail Armor
34:22 Scale Barding Armor
35:46 Murder Holes
36:33 Stone Shaft Mining
36:07 Chatras
37:40 Chemistry
36:53 Bracer
37:23 Ring Archer Armor
37:23 Imperial Skirmisher
37:28 Man-at-Arms
37:31 Pikeman
38:12 Squires
39:32 Crop Rotation
40:06 Two-Man Saw
38:41 Elite Rattan Archer
40:23 Ballistics
40:21 Chain Mail Armor
41:49 Paper Money
42:07 Iron Casting
42:03 Plate Mail Armor
44:16 Hoardings
44:39 Masonry
44:55 Scale Barding Armor
50:02 Coinage
49:43 Guilds
50:17 Elite Fire Lancer
57:02 Sappers
58:58 Caravan
CLAP <3
0:35 Loom
15:52 Feudal Age
16:16 Horse Collar
16:25 Double-Bit Axe
23:39 Castle Age
24:20 Heavy Plow
24:32 Bow Saw
25:02 Wheelbarrow
25:29 Stone Mining
25:32 Gold Mining
27:26 Scale Mail Armor
27:36 Forging
28:06 Hand Cart
27:59 Caravan
33:47 Imperial Age
33:30 Masonry
33:54 Ballistics
36:07 Two-Man Saw
36:05 Squires
35:51 Gambesons
35:52 Arson
35:28 Pikeman
37:28 Conscription
36:32 Elite Teutonic Knight
38:01 Crop Rotation
38:43 Chemistry
38:37 Halberdier
40:37 Chain Mail Armor
40:57 Iron Casting
40:25 Padded Archer Armor
40:15 Fletching
41:12 Town Watch
45:12 Plate Mail Armor
45:42 Blast Furnace
46:21 Elite Skirmisher
48:47 Coinage
52:43 Leather Archer Armor
52:24 Bodkin Arrow
Dario Osorio
12:01 Loom
14:59 Feudal Age
15:21 Man-at-Arms
16:29 Double-Bit Axe
22:35 Horse Collar
24:02 Wheelbarrow
25:14 Stone Mining
25:22 Gold Mining
29:41 Castle Age
27:57 Scale Mail Armor
29:43 Forging
29:24 Fletching
29:35 Padded Archer Armor
31:01 Squires
31:24 Thumb Ring
33:15 Heavy Plow
35:25 Long Swordsman
39:45 Hand Cart
44:28 Imperial Age
45:20 Scale Barding Armor
45:31 Chain Mail Armor
45:32 Leather Archer Armor
45:06 Two-Handed Swordsman
46:37 Conscription
46:53 Champion
48:11 Elite Cataphract
49:24 Gambesons
51:03 Chain Barding Armor
59:38 Plate Mail Armor
59:44 Iron Casting
El Destungador
0:34 Loom
12:22 Feudal Age
12:50 Horse Collar
12:56 Double-Bit Axe
19:25 Castle Age
18:21 Gold Mining
18:21 Stone Mining
18:34 Scale Mail Armor
19:29 Forging
20:32 Wheelbarrow
24:25 Bow Saw
28:49 Imperial Age
28:34 Hand Cart
28:43 Chain Mail Armor
29:05 Iron Casting
28:51 Squires
28:37 Arson
29:16 Heavy Plow
30:01 Gold Shaft Mining
30:24 Stone Shaft Mining
30:58 Crop Rotation
31:53 Plate Mail Armor
32:41 Blast Furnace
32:08 Caravan
32:50 Conscription
33:55 Fortified Wall
33:12 Elite Kamayuk
33:59 Fabric Shields
38:12 Chemistry
Connection lost

Rejoining the realm…

Still unreachable

The connection could not be restored.

Session expired

The server has moved on; the page needs a fresh start.